 Dungeon Crawl Stone Soup version 0.17.0-56-gd8de76c (webtiles) character file.

196 ventricule the Shield-Bearer (level 6, 0/46 HPs)
             Began as a Formicid Wanderer on Dec 5, 2015.
             Killed from afar by Edmund (8 damage)
             ... with a wand of magic darts
             ... on level 4 of the Dungeon.
             The game lasted 00:08:14 (4171 turns).

ventricule the Shield-Bearer (Formicid Wanderer)    Turns: 4171, Time: 00:08:14

Health: 0/46       AC: 12    Str: 17    XL:     6   Next: 4%
Magic:  6/6        EV:  5    Int: 12    God:
Gold:   188        SH:  4    Dex: 11    Spells: 0 memorised, 5 levels left

rFire  . . .     SeeInvis +     b - +0 shortbow
rCold  . . .     Clarity  .     t - +1 plate armour
rNeg   . . .     SustAt   .     d - +0 buckler
rPois  .         Gourm    .     (helmet unavailable)
rElec  .         Spirit   .     (no cloak)
rCorr  .         Warding  .     (no gloves)
rMut   .         Stasis   +     (no boots)
MR     .....                    (no amulet)
Stlth  ..........               (no ring)
                                (no ring)

@: not resistant to hostile enchantments, extremely unstealthy
A: permanent stasis, dig shafts and tunnels, four strong arms, antennae 3
a: Dig, Shaft Self


You were on level 4 of the Dungeon.
You were not hungry.

You visited 1 branch of the dungeon, and saw 4 of its levels.

You collected 188 gold pieces.


Innate Abilities, Weirdness & Mutations

You are under a permanent stasis effect.
You can dig through walls and to a lower floor.
Your four strong arms can wield two-handed weapons with a shield.
You have a pair of large antennae on your head (SInv).


   Skills:
 - Level 2.5 Fighting
 + Level 2.6 Maces & Flails
 - Level 2.9 Bows
 - Level 2.2 Armour
 + Level 3.9 Shields
   Level 3.0 Ice Magic


You had 5 spell levels left.
You didn't know any spells.

Inventory:

Hand Weapons
 a - a +0 flail
 b - a +0 shortbow (weapon)
 q - a -3 flail
Missiles
 c - 77 arrows (quivered)
Armour
 d - a +0 buckler (worn)
 e - a +0 robe
 t - a +1 plate armour (worn)
Scrolls
 u - 2 scrolls of immolation {!r}
Potions
 g - 2 potions of magic
 h - a potion of mutation {unknown}
 i - 2 potions of curing {@q1}
 j - a potion of lignification {unknown}
 k - a potion of might {unknown}
 m - a potion of resistance {unknown}
 r - 2 potions of flight {unknown}
 s - 2 potions of poison {unknown}
Books
 p - a book of Frost

   Spells                             Type                      Level
   a - Freeze                         Ice                          1
   b - Throw Frost                    Conjuration/Ice              2
   c - Ozocubu's Armour               Charms/Ice                   3
   d - Throw Icicle                   Conjuration/Ice              4
   e - Summon Ice Beast               Ice/Summoning                4
   f - Condensation Shield            Ice                          4
Comestibles
 f - 3 bread rations
 l - a chunk of flesh
 o - 3 meat rations

Dungeon Overview and Level Annotations

Branches:
Dungeon (4/15)             Temple (0/1) D:4

Altars:
Elyvilon
Kikubaaqudgha
Qazlal
Xom

Annotations:
D:4 Edmund; gorblad's ghost, amateur DsBe

▒.▒..▒
▒.▒....▒
▒..@.▒ ░,,,,░
░▒.▒.░
▒.▒....▒
▒..@.▒ ░,,,,░░
░▒.░░ ▒.▒.▒.▒▒
▒....░ ░,,,,,,
░░░ ▒.▒.▒.▒
▒....░ ░░░,░,░
▒.▒.▒.▒ ▒.▒.▒░
░,░,░ ▒.▒.▒.▒
▒▒.▒(▒ ░,░,░
▒.▒.▒.▒ ▒..▒.▒
░,░,░
▒.▒.▒.▒▒▒.▒..▒
░,░,░
▒.▒<▒....a.▒.▒
░,░,░
▒.▒▒▒▒▒▒▒▒▒▒.▒
░,░,░
▒............▒
░,░,░
▒.▒▒▒▒▒▒▒▒▒▒▒▒
░,░,░ ▒.▒
░,░,░ ▒▒▒
░,░,░ ░,░,░
░,░,░ ░,,,,


You could see Edmund.


Message History

The worker ant bites you but does no damage.
The worker ant bites you.
* * * LOW HITPOINT WARNING * * *
You are more poisoned.
The worker ant poisons you!
You sock the worker ant!
You kill the worker ant!
You have reached level 6!
Your experience leads to an increase in your attributes!
Increase (S)trength, (I)ntelligence, or (D)exterity?
You feel stronger.
You feel sick.
You feel sick.
You see here a worker ant corpse.
You butcher the worker ant corpse.
You feel sick.
l - a chunk of flesh You start resting.
You feel sick.
You feel sick. x9
You are no longer poisoned.
You start resting.
b - a +0 shortbow (weapon)
Edmund shouts!
Edmund zaps a wand.
The magic dart hits you!
* * * LOW HITPOINT WARNING * * *
It is a wand of magic darts.
You extend your mandibles.
You dig through the rock wall.
You retract your mandibles.
Edmund zaps a wand.
The magic dart hits you!
You die...

Action                   |  1- 3 |  4- 6 || total
-------------------------+-------+-------++-------
Melee: Flail             |       |    99 ||    99
 Fire: Shortbow          |   130 |   129 ||   259
 Abil: Dig               |       |     2 ||     2
  Use: Potion            |     1 |       ||     1
       Scroll            |       |     8 ||     8
  Eat: Chunk             |     1 |     9 ||    10

Vault maps used:
D:1:      dpeg_arrival_ternary
D:2:      lemuel_zombie_altar_kikubaaqudgha, lemuel_coloured_pillars_altar,
          first_bread, glass_columns_c, uniq_iyjb
D:3:      lemuel_doored_altar, minmay_bad_closet, grunt_qazlal_clouds
D:4:      wad_pebble_path, overflow_temple_1_default,
          minmay_temple_entry_statues, uniq_menkaure, uniq_edmund

Notes
Turn   | Place    | Note
--------------------------------------------------------------
     0 | D:1      | ventricule the Formicid Wanderer began the quest for the Orb.
     0 | D:1      | ventricule set off with: a book of Frost, a +0 shortbow, 24 arrows, a +0 buckler, a +0 robe, a bread ration
     0 | D:1      | Reached XP level 1. HP: 16/16 MP: 1/1
   125 | D:1      | Reached XP level 2. HP: 10/23 MP: 2/2
  1001 | D:1      | Reached XP level 3. HP: 28/28 MP: 3/3
  1024 | D:1      | Reached skill level 2 in Bows
  1364 | D:2      | HP: 2/28 [adder (2)]
  1609 | D:2      | Reached XP level 4. HP: 21/34 MP: 4/4
  2210 | D:2      | Noticed Ijyb
  2234 | D:2      | Killed Ijyb
  2234 | D:2      | Reached skill level 1 in Maces & Flails
  2657 | D:1      | Reached XP level 5. HP: 39/39 MP: 5/5
  2978 | D:3      | Found a stormy altar of Qazlal.
  3094 | D:3      | Reached skill level 2 in Maces & Flails
  3109 | D:3      | Reached skill level 3 in Shields
  3512 | D:3      | Found a shimmering altar of Xom.
  3746 | D:2      | Found a white marble altar of Elyvilon.
  3782 | D:2      | Found an ancient bone altar of Kikubaaqudgha.
  3989 | D:4      | Noticed gorblad's ghost (amateur DsBe)
  4075 | D:4      | Found a staircase to the Ecumenical Temple.
  4077 | D:4      | Noticed Edmund
  4127 | D:4      | Reached XP level 6. HP: 21/46 MP: 6/6
  4171 | D:4      | Killed from afar by Edmund

Vanquished Creatures
  Ijyb (D:2)
  An orc priest (D:3)
  A worker ant (D:4)
  4 adders
  An ooze (D:1)
  An adder skeleton (D:4)
  3 worms
  3 giant geckos
  4 orcs (D:3)
  A ball python (D:1)
  5 hobgoblins
  9 kobolds
  A ball python skeleton (D:4)
  9 bats
  4 giant cockroaches
  3 giant newts
  5 goblins
  3 jackals
  11 rats
70 creatures vanquished.
